[ AOE2 MATCH · #475233263 ]
UnrankedFranks vs Malians
[ REPLAY ANALYSIS · EXTRACTED FROM THE RECORDED GAME ]
Feudal
10:31
Castle
14:03
Imperial
—
| APM avg | 62.3 |
| APM peak | 131 |
| eAPM avg | 27.0 |
| Villagers / military | 104 / 63 |
Focus
⚔️ 51.5% · 🌾 48.5%
Throwing Axeman ×60 · Mangonel ×2 · Battering Ram ×1 · Unknown (1105) ×1
Feudal
10:13
Castle
15:02
Imperial
32:07
| APM avg | 34.7 |
| APM peak | 76 |
| eAPM avg | 19.8 |
| Villagers / military | 143 / 33 |
Focus
⚔️ 34.6% · 🌾 65.4%
Knight ×27 · Monk ×4 · Battering Ram ×2
Feudal
11:16
Castle
15:16
Imperial
32:26
| APM avg | 25.6 |
| APM peak | 64 |
| eAPM avg | 18.5 |
| Villagers / military | 93 / 30 |
Focus
⚔️ 21.8% · 🌾 78.2%
Samurai ×24 · Monk ×4 · Cavalry Archer ×2
Feudal
10:44
Castle
14:34
Imperial
27:51
| APM avg | 31.9 |
| APM peak | 78 |
| eAPM avg | 15.6 |
| Villagers / military | 107 / 61 |
Focus
⚔️ 24.8% · 🌾 75.2%
Hand Cannoneer ×28 · Scout Cavalry ×23 · Trebuchet (Packed) ×4 · Monk ×3 · Bombard Cannon ×3
Feudal
10:09
Castle
14:36
Imperial
32:38
| APM avg | 33.0 |
| APM peak | 68 |
| eAPM avg | 15.9 |
| Villagers / military | 164 / 16 |
Focus
⚔️ 14.9% · 🌾 85.1%
Camel Scout ×14 · Monk ×2
Feudal
11:00
Castle
15:32
Imperial
—
| APM avg | 28.2 |
| APM peak | 89 |
| eAPM avg | 18.4 |
| Villagers / military | 140 / 115 |
Focus
⚔️ 32.2% · 🌾 67.8%
Militia ×68 · Spearman ×47
Feudal
9:57
Castle
14:46
Imperial
—
| APM avg | 46.3 |
| APM peak | 83 |
| eAPM avg | 21.2 |
| Villagers / military | 59 / 20 |
Focus
⚔️ 23.7% · 🌾 76.3%
Skirmisher ×10 · Chakram Thrower ×4 · Mangonel ×3 · Scorpion ×2 · Armored Elephant ×1
Feudal
10:58
Castle
14:48
Imperial
34:55
| APM avg | 41.6 |
| APM peak | 60 |
| eAPM avg | 22.6 |
| Villagers / military | 90 / 51 |
Focus
⚔️ 25.3% · 🌾 74.7%
Militia ×46 · Scorpion ×3 · Unknown (1105) ×2 · Spearman ×1 · Battering Ram ×1
Match map
Initial resources + every placement click. Lines = walls · curves = elevation contours. ◆ gold · ⬟ stone · ● berries · ✦ relic · ◌ wall gap
Your base· ✓ Closed at 14:03 · 14t walls · 4 gate(s)
[VA] Tano_Pacman's base· ✓ Closed at 15:02 · 0t walls · 4 gate(s)
Dino_Mate's base· ✓ Closed at 15:16 · 0t walls · 2 gate(s)
RamiChurra's base· ✓ Closed at 14:34 · 0t walls · 2 gate(s)
CTM | chiwire's base· ✓ Closed at 14:36 · 0t walls · 2 gate(s)
Runguinator's base· ✓ Closed at 15:32 · 0t walls · 3 gate(s)
Rhapcore's base· ✓ Closed at 14:46 · 10t walls · 3 gate(s)
IndiosAnónimos's base· ✓ Closed at 14:48 · 7t walls · 4 gate(s)
Smoothed initial terrain · ◌ = detected wall gap · hover for details
Inputs per minute
— LMC | Bartolomee123 - - [VA] Tano_Pacman
Build order — LMC | Bartolomee123
First 150 of 288 actions detected
| 0:01 | Queue | Villager (Male) |
| 0:01 | Queue | Villager (Male) |
| 0:01 | Queue | Villager (Male) |
| 0:02 | Build | House |
| 0:03 | Build | House |
| 0:05 | Queue | Villager (Male) |
| 1:10 | Queue | Villager (Male) |
| 1:44 | Build | Lumber Camp |
| 1:58 | Queue | Villager (Male) |
| 1:58 | Queue | Villager (Male) |
| 2:14 | Queue | Villager (Male) |
| 2:14 | Queue | Villager (Male) |
| 2:32 | Queue | Villager (Male) |
| 2:36 | Build | Palisade Gate |
| 2:41 | Build | Palisade Gate |
| 2:50 | Build | Palisade Wall |
| 2:53 | Build | Palisade Wall |
| 2:54 | Build | Palisade Wall |
| 2:59 | Build | Palisade Wall |
| 3:03 | Build | Palisade Wall |
| 3:04 | Queue | Villager (Male) |
| 3:15 | Build | Palisade Wall |
| 3:18 | Build | Palisade Wall |
| 3:21 | Build | Palisade Wall |
| 3:23 | Build | Palisade Wall |
| 3:25 | Build | Palisade Wall |
| 3:29 | Build | Palisade Wall |
| 3:33 | Build | Palisade Wall |
| 3:36 | Build | Palisade Wall |
| 3:37 | Queue | Villager (Male) |
| 3:37 | Queue | Villager (Male) |
| 3:40 | Build | Palisade Wall |
| 3:50 | Queue | Villager (Male) |
| 3:58 | Build | House |
| 4:32 | Queue | Villager (Male) |
| 4:32 | Queue | Villager (Male) |
| 4:46 | Queue | Villager (Male) |
| 4:55 | Queue | Villager (Male) |
| 5:07 | Queue | Villager (Male) |
| 5:27 | Build | House |
| 6:01 | Build | Mill |
| 6:03 | Build | Mill |
| 6:11 | Queue | Villager (Male) |
| 6:11 | Queue | Villager (Male) |
| 6:12 | Queue | Villager (Male) |
| 6:12 | Queue | Villager (Male) |
| 6:17 | Queue | Villager (Male) ×2 |
| 6:39 | Queue | Villager (Male) |
| 6:39 | Queue | Villager (Male) |
| 6:53 | Queue | Villager (Male) |
| 8:20 | Research | Feudal Age |
| 8:23 | Build | Mining Camp |
| 8:31 | Build | Mining Camp |
| 8:55 | Build | House |
| 10:20 | Queue | Villager (Male) |
| 10:31 | Age | Feudal Age |
| 10:35 | Build | Market |
| 10:37 | Build | Blacksmith |
| 10:56 | Queue | Villager (Male) |
| 11:23 | Research | Castle Age |
| 12:24 | Research | Loom |
| 12:24 | Research | Loom |
| 12:56 | Build | House |
| 14:03 | Age | Castle Age |
| 14:06 | Build | Castle |
| 14:09 | Queue | Villager (Male) |
| 14:09 | Queue | Villager (Male) |
| 14:14 | Build | House |
| 14:19 | Build | Palisade Wall |
| 14:24 | Build | Palisade Gate |
| 14:37 | Queue | Villager (Male) |
| 14:41 | Build | Palisade Wall |
| 14:53 | Build | Mining Camp |
| 15:04 | Build | Farm |
| 15:04 | Build | Farm |
| 15:05 | Build | Farm |
| 15:05 | Build | Farm |
| 15:08 | Build | Farm |
| 15:11 | Research | Double-Bit Axe |
| 15:11 | Research | Double-Bit Axe |
| 15:21 | Build | Farm |
| 15:26 | Queue | Throwing Axeman |
| 15:27 | Queue | Throwing Axeman |
| 15:29 | Build | Farm |
| 15:32 | Build | Farm |
| 15:34 | Build | Farm |
| 15:37 | Queue | Villager (Male) |
| 15:38 | Queue | Villager (Male) |
| 15:57 | Queue | Throwing Axeman |
| 16:09 | Build | Farm |
| 16:20 | Queue | Villager (Male) |
| 16:24 | Build | Farm |
| 16:34 | Queue | Villager (Male) |
| 16:34 | Queue | Villager (Male) |
| 16:52 | Queue | Throwing Axeman |
| 17:04 | Queue | Throwing Axeman |
| 17:25 | Build | Siege Workshop |
| 17:27 | Queue | Throwing Axeman |
| 17:32 | Build | Siege Workshop |
| 17:33 | Queue | Throwing Axeman |
| 17:33 | Queue | Throwing Axeman |
| 17:41 | Build | Outpost |
| 17:55 | Queue | Throwing Axeman |
| 18:01 | Build | Farm |
| 18:06 | Queue | Villager (Male) |
| 18:20 | Queue | Throwing Axeman |
| 18:24 | Queue | Unit 1105 |
| 18:35 | Research | Scale Mail Armor |
| 18:35 | Queue | Villager (Male) |
| 18:35 | Queue | Villager (Male) |
| 18:56 | Queue | Throwing Axeman |
| 18:56 | Queue | Throwing Axeman |
| 19:09 | Queue | Villager (Male) |
| 19:09 | Queue | Villager (Male) |
| 19:18 | Build | House |
| 19:24 | Queue | Mangonel |
| 19:28 | Queue | Villager (Male) |
| 20:00 | Queue | Throwing Axeman |
| 20:00 | Queue | Throwing Axeman |
| 20:00 | Queue | Throwing Axeman |
| 20:14 | Queue | Throwing Axeman |
| 20:32 | Queue | Throwing Axeman |
| 20:36 | Queue | Throwing Axeman |
| 20:36 | Queue | Throwing Axeman |
| 20:47 | Queue | Battering Ram |
| 20:50 | Queue | Villager (Male) |
| 21:10 | Queue | Throwing Axeman |
| 21:22 | Queue | Throwing Axeman |
| 21:34 | Queue | Villager (Male) |
| 21:50 | Queue | Villager (Male) |
| 21:57 | Queue | Villager (Male) |
| 21:57 | Queue | Villager (Male) |
| 22:11 | Queue | Throwing Axeman |
| 22:11 | Queue | Throwing Axeman |
| 22:28 | Queue | Throwing Axeman |
| 22:29 | Queue | Throwing Axeman |
| 22:40 | Queue | Throwing Axeman |
| 22:41 | Queue | Throwing Axeman |
| 22:45 | Build | House |
| 22:45 | Build | House |
| 22:45 | Build | House |
| 22:57 | Queue | Throwing Axeman |
| 22:57 | Queue | Throwing Axeman |
| 23:09 | Queue | Throwing Axeman |
| 23:09 | Queue | Throwing Axeman |
| 23:14 | Queue | Villager (Male) |
| 23:15 | Queue | Villager (Male) |
| 23:29 | Research | Chain Mail Armor |
| 23:30 | Queue | Throwing Axeman |
| 23:31 | Queue | Throwing Axeman |
Build order — [VA] Tano_Pacman
First 150 of 312 actions detected
| 0:01 | Queue | Villager (Male) ×4 |
| 0:02 | Queue | Villager (Male) ×4 |
| 0:02 | Build | House |
| 0:04 | Build | House |
| 1:29 | Queue | Villager (Male) |
| 1:50 | Build | Lumber Camp |
| 1:59 | Queue | Villager (Male) |
| 2:00 | Queue | Villager (Male) |
| 2:18 | Queue | Villager (Male) |
| 2:49 | Queue | Villager (Male) |
| 3:11 | Queue | Villager (Male) |
| 3:36 | Build | House |
| 3:39 | Queue | Villager (Male) |
| 4:07 | Queue | Villager (Male) |
| 4:16 | Build | Mill |
| 4:27 | Queue | Villager (Male) |
| 4:28 | Queue | Villager (Male) |
| 4:28 | Queue | Villager (Male) |
| 4:45 | Queue | Villager (Male) |
| 5:04 | Queue | Villager (Male) |
| 5:44 | Build | House |
| 6:18 | Queue | Villager (Male) |
| 6:19 | Queue | Villager (Male) |
| 7:13 | Queue | Villager (Male) |
| 7:16 | Queue | Villager (Male) |
| 7:23 | Build | Farm |
| 7:25 | Build | Farm |
| 7:47 | Build | Mining Camp |
| 7:57 | Research | Feudal Age |
| 8:21 | Queue | Villager (Male) |
| 8:21 | Queue | Villager (Male) |
| 8:42 | Build | Mill |
| 9:46 | Build | Farm |
| 9:52 | Build | House |
| 10:13 | Age | Feudal Age |
| 10:21 | Build | Blacksmith |
| 10:23 | Build | Market |
| 10:35 | Build | Farm |
| 11:03 | Queue | Villager (Male) |
| 11:06 | Build | Farm |
| 11:12 | Build | Farm |
| 11:30 | Queue | Villager (Male) |
| 11:32 | Build | Farm |
| 12:22 | Research | Castle Age |
| 12:50 | Build | House |
| 12:51 | Build | House |
| 13:27 | Queue | Villager (Male) |
| 13:28 | Queue | Villager (Male) |
| 13:31 | Research | Double-Bit Axe |
| 13:44 | Research | Horse Collar |
| 15:02 | Age | Castle Age |
| 15:04 | Build | Monastery |
| 15:17 | Build | Town Center |
| 15:30 | Queue | Villager (Male) |
| 15:33 | Queue | Monk |
| 15:56 | Queue | Villager (Male) |
| 16:12 | Build | Farm |
| 16:17 | Build | Farm |
| 16:22 | Build | Lumber Camp |
| 16:27 | Queue | Monk |
| 16:37 | Queue | Villager (Male) |
| 16:40 | Queue | Villager (Male) |
| 16:45 | Queue | Villager (Male) |
| 16:47 | Queue | Villager (Male) |
| 17:03 | Queue | Villager (Male) |
| 17:07 | Queue | Villager (Male) |
| 17:12 | Research | Bow Saw |
| 17:13 | Research | Bow Saw |
| 17:21 | Queue | Monk |
| 17:38 | Build | Farm |
| 17:42 | Build | Farm |
| 17:45 | Build | House |
| 17:59 | Queue | Villager (Male) |
| 18:00 | Queue | Villager (Male) |
| 18:04 | Build | Farm |
| 18:06 | Build | Farm |
| 18:09 | Queue | Villager (Male) |
| 18:11 | Queue | Villager (Male) |
| 18:13 | Queue | Monk |
| 18:36 | Queue | Villager (Male) |
| 18:44 | Queue | Villager (Male) |
| 18:46 | Build | Town Center |
| 18:52 | Queue | Villager (Male) |
| 19:08 | Queue | Villager (Male) |
| 19:09 | Queue | Villager (Male) |
| 19:19 | Queue | Villager (Male) |
| 19:23 | Queue | Villager (Male) |
| 19:28 | Build | Mining Camp |
| 19:34 | Research | Wheelbarrow |
| 19:34 | Queue | Villager (Male) |
| 19:48 | Build | House |
| 19:48 | Build | House |
| 19:48 | Build | House |
| 20:09 | Queue | Villager (Male) |
| 20:11 | Build | Farm |
| 20:14 | Queue | Villager (Male) |
| 20:16 | Queue | Villager (Male) |
| 20:20 | Queue | Villager (Male) |
| 20:23 | Build | Town Center |
| 20:24 | Queue | Villager (Male) |
| 20:35 | Build | Farm |
| 20:36 | Build | Farm |
| 20:37 | Build | Farm |
| 20:38 | Build | Farm |
| 20:39 | Build | Farm |
| 20:42 | Build | Farm |
| 20:44 | Queue | Villager (Male) |
| 20:48 | Build | Farm |
| 20:49 | Build | Farm |
| 20:50 | Build | Farm |
| 20:51 | Queue | Villager (Male) |
| 21:09 | Build | House |
| 21:11 | Build | House |
| 21:17 | Queue | Villager (Male) |
| 21:24 | Build | Mill |
| 21:24 | Build | Farm |
| 21:25 | Build | Farm |
| 21:25 | Build | Farm |
| 21:25 | Build | Farm |
| 21:29 | Queue | Villager (Male) |
| 21:49 | Queue | Villager (Male) |
| 21:59 | Queue | Villager (Male) |
| 22:01 | Queue | Villager (Male) |
| 22:02 | Build | Farm |
| 22:03 | Build | Farm |
| 22:06 | Build | Farm |
| 22:09 | Build | Farm |
| 22:10 | Queue | Villager (Male) |
| 22:17 | Queue | Villager (Male) |
| 22:31 | Build | Town Center |
| 22:32 | Queue | Villager (Male) |
| 22:40 | Build | House |
| 22:40 | Build | House |
| 22:40 | Build | House |
| 22:45 | Build | House |
| 22:46 | Build | House |
| 22:46 | Build | House |
| 22:47 | Build | House |
| 22:48 | Queue | Villager (Male) |
| 22:48 | Queue | Villager (Male) |
| 22:55 | Queue | Villager (Male) |
| 22:59 | Build | Farm |
| 23:00 | Build | Farm |
| 23:04 | Queue | Villager (Male) |
| 23:10 | Build | Farm |
| 23:11 | Queue | Villager (Male) |
| 23:12 | Queue | Villager (Male) |
| 23:12 | Queue | Villager (Male) |
| 23:13 | Queue | Villager (Male) |
| 23:32 | Build | Farm |
Build order — Dino_Mate
First 150 of 238 actions detected
| 0:00 | Queue | Villager (Male) |
| 0:02 | Build | House |
| 0:03 | Build | House |
| 0:05 | Queue | Villager (Male) ×3 |
| 1:23 | Queue | Villager (Male) |
| 1:23 | Queue | Villager (Male) |
| 1:57 | Build | Lumber Camp |
| 1:58 | Queue | Villager (Male) |
| 1:58 | Queue | Villager (Male) |
| 2:18 | Queue | Villager (Male) |
| 2:53 | Queue | Villager (Male) |
| 3:12 | Queue | Villager (Male) |
| 3:41 | Queue | Villager (Male) |
| 3:56 | Build | Mill |
| 3:59 | Build | Mill |
| 4:06 | Queue | Villager (Male) ×2 |
| 4:45 | Build | House |
| 4:56 | Queue | Villager (Male) |
| 5:31 | Queue | Villager (Male) |
| 5:48 | Queue | Villager (Male) |
| 6:04 | Build | House |
| 6:10 | Build | Mill |
| 6:16 | Queue | Villager (Male) |
| 6:30 | Queue | Villager (Male) |
| 6:47 | Queue | Villager (Male) |
| 6:51 | Build | Mining Camp |
| 7:18 | Queue | Villager (Male) |
| 7:32 | Build | Mining Camp |
| 8:06 | Queue | Villager (Male) |
| 8:31 | Queue | Villager (Male) |
| 9:05 | Research | Feudal Age |
| 9:41 | Build | Farm |
| 9:48 | Build | Farm |
| 9:52 | Build | Farm |
| 9:57 | Build | House |
| 11:16 | Age | Feudal Age |
| 11:17 | Queue | Villager (Male) |
| 11:17 | Queue | Villager (Male) |
| 11:22 | Build | Market |
| 11:25 | Build | Blacksmith |
| 12:36 | Research | Castle Age |
| 13:20 | Research | Double-Bit Axe |
| 13:53 | Research | Stone Mining |
| 15:07 | Queue | Villager (Male) |
| 15:16 | Age | Castle Age |
| 15:18 | Build | Town Center |
| 15:20 | Queue | Villager (Male) |
| 15:23 | Build | Town Center |
| 15:30 | Research | Bow Saw |
| 15:44 | Build | Farm |
| 16:01 | Queue | Villager (Male) |
| 16:08 | Build | Farm |
| 16:33 | Queue | Villager (Male) |
| 16:37 | Build | Farm |
| 16:40 | Build | Farm |
| 16:41 | Queue | Villager (Male) |
| 16:50 | Queue | Villager (Male) |
| 16:55 | Build | Farm |
| 17:04 | Build | Farm |
| 17:06 | Queue | Villager (Male) |
| 17:11 | Build | House |
| 17:20 | Build | Farm |
| 17:27 | Build | Monastery |
| 17:29 | Queue | Villager (Male) |
| 17:39 | Build | Farm |
| 17:49 | Build | Farm |
| 17:50 | Queue | Villager (Male) |
| 17:59 | Build | Farm |
| 18:00 | Queue | Villager (Male) |
| 18:02 | Queue | Monk |
| 18:05 | Build | House |
| 18:14 | Research | Loom |
| 18:16 | Queue | Villager (Male) |
| 18:22 | Build | Farm |
| 18:29 | Build | Farm |
| 18:30 | Queue | Villager (Male) |
| 18:34 | Build | Farm |
| 18:51 | Queue | Villager (Male) |
| 18:52 | Queue | Villager (Male) |
| 18:56 | Build | Farm |
| 18:56 | Build | Farm |
| 19:02 | Queue | Villager (Male) |
| 19:03 | Queue | Villager (Male) |
| 19:09 | Build | Castle |
| 19:26 | Queue | Villager (Male) |
| 19:35 | Build | Farm |
| 19:38 | Build | House |
| 19:45 | Build | Gate |
| 19:51 | Build | House |
| 19:52 | Build | Stone Wall |
| 19:55 | Queue | Villager (Male) |
| 19:55 | Queue | Villager (Male) |
| 19:57 | Queue | Villager (Male) |
| 20:09 | Queue | Villager (Male) |
| 20:10 | Queue | Villager (Male) |
| 20:24 | Queue | Villager (Male) |
| 20:29 | Queue | Samurai |
| 20:30 | Queue | Samurai |
| 20:52 | Queue | Samurai |
| 20:52 | Queue | Samurai |
| 20:52 | Queue | Samurai |
| 20:52 | Queue | Samurai |
| 21:13 | Queue | Monk |
| 21:28 | Queue | Samurai |
| 21:31 | Research | Scale Mail Armor |
| 21:31 | Research | Scale Mail Armor |
| 21:45 | Queue | Samurai |
| 22:00 | Queue | Samurai |
| 22:12 | Queue | Samurai |
| 22:23 | Queue | Villager (Male) |
| 22:23 | Queue | Villager (Male) |
| 22:23 | Queue | Villager (Male) |
| 22:24 | Queue | Villager (Male) |
| 22:24 | Queue | Villager (Male) |
| 22:29 | Build | Farm |
| 22:30 | Build | Farm |
| 22:30 | Build | Farm |
| 22:30 | Build | Farm |
| 22:30 | Build | Farm |
| 22:30 | Build | Farm |
| 22:31 | Build | Farm |
| 22:31 | Build | Farm |
| 22:39 | Research | Horse Collar |
| 22:41 | Queue | Villager (Male) |
| 22:46 | Build | Mill |
| 22:50 | Build | Farm |
| 22:50 | Build | Farm |
| 22:50 | Build | Farm |
| 22:50 | Build | Farm |
| 22:50 | Build | Farm |
| 22:50 | Build | Farm |
| 22:53 | Queue | Villager (Male) |
| 22:56 | Research | Wheelbarrow |
| 22:58 | Queue | Villager (Male) |
| 23:06 | Build | House |
| 23:17 | Queue | Villager (Male) |
| 23:24 | Queue | Villager (Male) |
| 23:27 | Queue | Villager (Male) |
| 23:31 | Build | Town Center |
| 23:40 | Queue | Villager (Male) |
| 23:46 | Queue | Villager (Male) |
| 23:55 | Queue | Villager (Male) |
| 23:59 | Build | Outpost |
| 24:03 | Research | Town Watch |
| 24:11 | Research | Gold Mining |
| 24:34 | Research | Hand Cart |
| 24:35 | Queue | Villager (Male) |
| 24:36 | Queue | Villager (Male) |
| 24:42 | Build | Outpost |
| 24:53 | Queue | Samurai |
Build order — RamiChurra
First 150 of 286 actions detected
| 0:02 | Build | House |
| 0:05 | Build | House |
| 0:11 | Queue | Villager (Male) |
| 0:12 | Queue | Villager (Male) |
| 0:29 | Queue | Villager (Male) |
| 0:30 | Queue | Villager (Male) |
| 0:30 | Queue | Villager (Male) |
| 1:40 | Queue | Villager (Male) |
| 2:11 | Build | Lumber Camp |
| 2:12 | Queue | Villager (Male) |
| 2:12 | Queue | Villager (Male) |
| 2:27 | Queue | Villager (Male) |
| 2:54 | Queue | Villager (Male) |
| 3:28 | Queue | Villager (Male) |
| 3:46 | Build | House |
| 3:47 | Build | House |
| 3:55 | Queue | Villager (Male) |
| 4:18 | Queue | Villager (Male) |
| 4:41 | Queue | Villager (Male) |
| 5:04 | Queue | Villager (Male) |
| 5:17 | Build | Mill |
| 5:23 | Queue | Villager (Male) |
| 5:39 | Queue | Villager (Male) |
| 6:13 | Queue | Villager (Male) |
| 6:16 | Build | Farm |
| 6:37 | Queue | Villager (Male) |
| 6:40 | Build | Farm |
| 7:13 | Queue | Villager (Male) |
| 7:44 | Queue | Villager (Male) |
| 7:47 | Queue | Villager (Male) |
| 8:03 | Research | Feudal Age |
| 8:08 | Build | Mill |
| 8:33 | Build | Mining Camp |
| 9:26 | Queue | Villager (Male) |
| 9:26 | Queue | Villager (Male) |
| 9:45 | Build | House |
| 10:44 | Age | Feudal Age |
| 10:45 | Build | Market |
| 10:51 | Build | Blacksmith |
| 11:43 | Build | House |
| 11:54 | Research | Castle Age |
| 12:28 | Build | Farm |
| 12:43 | Build | Farm |
| 12:44 | Queue | Villager (Male) |
| 12:44 | Queue | Villager (Male) |
| 12:55 | Research | Double-Bit Axe |
| 13:00 | Research | Horse Collar |
| 13:15 | Build | Farm |
| 14:34 | Age | Castle Age |
| 14:39 | Build | Town Center |
| 14:44 | Research | Bow Saw |
| 14:58 | Queue | Villager (Male) |
| 15:14 | Build | Barracks |
| 15:17 | Queue | Villager (Male) |
| 15:36 | Build | Farm |
| 15:37 | Queue | Villager (Male) |
| 15:58 | Queue | Villager (Male) |
| 16:01 | Build | Farm |
| 16:08 | Build | Farm |
| 16:09 | Queue | Villager (Male) |
| 16:12 | Build | House |
| 16:23 | Queue | Villager (Male) |
| 16:23 | Queue | Villager (Male) |
| 17:01 | Build | Town Center |
| 17:03 | Queue | Villager (Male) |
| 17:04 | Queue | Villager (Male) |
| 17:07 | Build | House |
| 17:20 | Build | Farm |
| 17:22 | Queue | Villager (Male) |
| 17:22 | Queue | Villager (Male) |
| 17:26 | Build | Farm |
| 17:29 | Build | Farm |
| 17:32 | Build | Farm |
| 17:36 | Queue | Villager (Male) |
| 17:44 | Build | Farm |
| 17:45 | Queue | Villager (Male) |
| 17:49 | Build | House |
| 17:59 | Build | Farm |
| 18:09 | Queue | Villager (Male) |
| 18:10 | Queue | Villager (Male) |
| 18:15 | Build | Farm |
| 18:18 | Build | Farm |
| 18:22 | Build | House |
| 18:23 | Queue | Villager (Male) |
| 18:25 | Build | Farm |
| 18:29 | Queue | Villager (Male) |
| 18:50 | Build | Monastery |
| 18:51 | Queue | Villager (Male) |
| 18:51 | Queue | Villager (Male) |
| 19:00 | Build | Farm |
| 19:08 | Queue | Villager (Male) |
| 19:14 | Build | Farm |
| 19:14 | Queue | Villager (Male) |
| 19:18 | Build | Farm |
| 19:22 | Build | House |
| 19:23 | Queue | Villager (Male) |
| 19:28 | Build | Farm |
| 19:31 | Queue | Villager (Male) |
| 19:34 | Queue | Monk |
| 19:45 | Queue | Monk |
| 19:47 | Queue | Villager (Male) |
| 19:47 | Queue | Villager (Male) |
| 19:54 | Build | Stable |
| 20:00 | Build | Farm |
| 20:00 | Queue | Villager (Male) |
| 20:09 | Build | House |
| 20:16 | Build | Farm |
| 20:19 | Build | Farm |
| 20:20 | Queue | Villager (Male) |
| 20:20 | Queue | Villager (Male) |
| 20:20 | Queue | Villager (Male) |
| 20:28 | Build | Farm |
| 20:30 | Queue | Villager (Male) |
| 20:30 | Queue | Monk |
| 20:47 | Queue | Villager (Male) |
| 20:47 | Queue | Villager (Male) |
| 20:55 | Build | Farm |
| 20:59 | Build | Farm |
| 21:24 | Queue | Villager (Male) |
| 21:24 | Queue | Villager (Male) |
| 21:25 | Queue | Villager (Male) |
| 21:25 | Queue | Villager (Male) |
| 21:38 | Build | University |
| 21:42 | Queue | Scout Cavalry |
| 21:44 | Queue | Scout Cavalry |
| 21:48 | Queue | Villager (Male) |
| 21:48 | Queue | Villager (Male) |
| 21:48 | Queue | Villager (Male) |
| 21:55 | Build | Mill |
| 21:56 | Build | Farm |
| 21:57 | Build | Farm |
| 21:57 | Build | Farm |
| 21:57 | Build | Farm |
| 22:00 | Build | Farm |
| 22:11 | Queue | Villager (Male) |
| 22:11 | Queue | Villager (Male) |
| 22:20 | Build | Mill |
| 22:21 | Build | Farm |
| 22:22 | Build | Farm |
| 22:22 | Build | Farm |
| 22:22 | Build | Farm |
| 22:22 | Build | Farm |
| 22:23 | Build | Farm |
| 22:24 | Build | Farm |
| 22:26 | Queue | Villager (Male) |
| 22:26 | Queue | Villager (Male) |
| 23:03 | Queue | Villager (Male) |
| 23:04 | Queue | Villager (Male) |
| 23:07 | Build | Farm |
| 23:11 | Build | House |
Build order — CTM | chiwire
First 150 of 344 actions detected
| 0:02 | Build | House |
| 0:03 | Build | House |
| 0:04 | Queue | Villager (Male) |
| 0:04 | Queue | Villager (Male) |
| 0:04 | Queue | Villager (Male) |
| 0:12 | Queue | Villager (Male) |
| 0:12 | Queue | Villager (Male) |
| 1:17 | Queue | Villager (Male) |
| 1:18 | Queue | Villager (Male) |
| 1:18 | Queue | Villager (Male) |
| 1:44 | Queue | Villager (Male) |
| 1:44 | Queue | Villager (Male) |
| 2:01 | Queue | Villager (Male) |
| 2:01 | Queue | Villager (Male) |
| 2:13 | Build | House |
| 2:14 | Build | Lumber Camp |
| 2:16 | Queue | Villager (Male) |
| 2:16 | Queue | Villager (Male) |
| 2:54 | Queue | Villager (Male) |
| 2:54 | Queue | Villager (Male) |
| 2:55 | Queue | Villager (Male) |
| 3:27 | Queue | Villager (Male) |
| 3:27 | Queue | Villager (Male) |
| 3:31 | Build | House |
| 3:40 | Queue | Villager (Male) |
| 3:41 | Queue | Villager (Male) |
| 4:08 | Queue | Villager (Male) |
| 4:08 | Queue | Villager (Male) |
| 4:38 | Queue | Villager (Male) |
| 4:38 | Queue | Villager (Male) |
| 5:45 | Queue | Villager (Male) |
| 5:45 | Queue | Villager (Male) |
| 5:45 | Queue | Villager (Male) |
| 6:10 | Queue | Villager (Male) |
| 6:10 | Queue | Villager (Male) |
| 6:28 | Queue | Villager (Male) |
| 7:17 | Build | Mining Camp |
| 7:41 | Build | Mill |
| 7:56 | Research | Feudal Age |
| 8:16 | Build | Mill |
| 8:25 | Research | Loom |
| 8:59 | Build | Farm |
| 9:17 | Build | Farm |
| 10:09 | Age | Feudal Age |
| 10:12 | Build | Market |
| 10:15 | Build | Blacksmith |
| 10:20 | Queue | Villager (Male) |
| 10:20 | Queue | Villager (Male) |
| 10:27 | Queue | Villager (Male) |
| 11:05 | Build | Farm |
| 11:56 | Research | Castle Age |
| 11:56 | Research | Castle Age |
| 12:25 | Research | Double-Bit Axe |
| 13:11 | Build | House |
| 13:14 | Build | House |
| 14:36 | Age | Castle Age |
| 14:39 | Queue | Villager (Male) |
| 14:39 | Queue | Villager (Male) |
| 14:46 | Build | Monastery |
| 14:51 | Build | Town Center |
| 14:53 | Queue | Villager (Male) |
| 14:54 | Queue | Villager (Male) |
| 14:57 | Research | Bow Saw |
| 15:48 | Queue | Monk |
| 15:56 | Queue | Monk |
| 15:57 | Research | Fervor |
| 15:59 | Queue | Villager (Male) |
| 16:04 | Build | Farm |
| 16:04 | Build | Farm |
| 16:08 | Queue | Villager (Male) |
| 16:09 | Queue | Villager (Male) |
| 16:12 | Research | Horse Collar |
| 16:29 | Queue | Villager (Male) |
| 16:30 | Queue | Villager (Male) |
| 16:31 | Build | Farm |
| 16:43 | Build | Farm |
| 16:44 | Queue | Villager (Male) |
| 17:15 | Queue | Villager (Male) |
| 17:15 | Queue | Villager (Male) |
| 17:15 | Queue | Villager (Male) |
| 17:18 | Build | Farm |
| 17:19 | Build | Farm |
| 17:19 | Build | Farm |
| 17:22 | Queue | Villager (Male) |
| 17:32 | Queue | Villager (Male) |
| 17:32 | Queue | Villager (Male) |
| 17:46 | Queue | Villager (Male) |
| 17:50 | Build | Farm |
| 17:53 | Queue | Villager (Male) |
| 17:53 | Queue | Villager (Male) |
| 17:53 | Queue | Villager (Male) |
| 17:57 | Build | Farm |
| 17:57 | Build | Farm |
| 18:06 | Build | Farm |
| 18:07 | Queue | Villager (Male) |
| 18:07 | Queue | Villager (Male) |
| 18:10 | Build | House |
| 18:12 | Build | House |
| 18:13 | Build | House |
| 18:15 | Queue | Villager (Male) |
| 18:15 | Queue | Villager (Male) |
| 18:21 | Build | Farm |
| 18:23 | Queue | Villager (Male) |
| 18:30 | Research | Town Watch |
| 18:50 | Queue | Villager (Male) |
| 18:51 | Queue | Villager (Male) |
| 18:59 | Queue | Villager (Male) |
| 18:59 | Queue | Villager (Male) |
| 19:06 | Build | Town Center |
| 19:08 | Queue | Villager (Male) |
| 19:30 | Build | Farm |
| 19:31 | Build | Farm |
| 19:35 | Queue | Villager (Male) |
| 19:43 | Research | Heavy Plow |
| 19:43 | Research | Heavy Plow |
| 19:43 | Research | Heavy Plow |
| 20:07 | Queue | Villager (Male) |
| 20:07 | Queue | Villager (Male) |
| 20:07 | Queue | Villager (Male) |
| 20:27 | Queue | Villager (Male) |
| 20:43 | Queue | Villager (Male) |
| 20:43 | Queue | Villager (Male) |
| 20:53 | Build | Barracks |
| 21:00 | Research | Wheelbarrow |
| 21:00 | Queue | Villager (Male) |
| 21:03 | Build | Farm |
| 21:03 | Build | Farm |
| 21:32 | Queue | Villager (Male) |
| 21:33 | Queue | Villager (Male) |
| 21:33 | Queue | Villager (Male) |
| 21:33 | Queue | Villager (Male) |
| 21:51 | Build | House |
| 21:53 | Build | House |
| 21:59 | Build | Stable |
| 22:02 | Queue | Villager (Male) |
| 22:03 | Queue | Villager (Male) |
| 22:03 | Queue | Villager (Male) |
| 22:06 | Build | Farm |
| 22:06 | Build | Farm |
| 22:09 | Build | Farm |
| 22:12 | Queue | Villager (Male) |
| 22:18 | Build | Stable |
| 22:32 | Queue | Villager (Male) |
| 22:32 | Queue | Villager (Male) |
| 22:32 | Queue | Villager (Male) |
| 22:35 | Build | Farm |
| 22:36 | Build | Farm |
| 22:36 | Build | Mill |
| 22:39 | Build | Farm |
| 22:39 | Build | Farm |
Build order — Runguinator
First 150 of 431 actions detected
| 0:00 | Queue | Villager (Male) |
| 0:01 | Queue | Villager (Male) |
| 0:01 | Queue | Villager (Male) |
| 0:01 | Queue | Villager (Male) |
| 0:03 | Build | House |
| 0:04 | Build | House |
| 1:35 | Queue | Villager (Male) |
| 1:35 | Queue | Villager (Male) |
| 1:46 | Build | Lumber Camp |
| 2:19 | Queue | Villager (Male) |
| 2:20 | Queue | Villager (Male) |
| 2:40 | Queue | Villager (Male) |
| 2:41 | Queue | Villager (Male) |
| 3:15 | Queue | Villager (Male) |
| 3:15 | Queue | Villager (Male) |
| 3:28 | Queue | Villager (Male) |
| 3:29 | Queue | Villager (Male) |
| 4:05 | Queue | Villager (Male) |
| 4:11 | Build | House |
| 4:12 | Build | House |
| 4:28 | Queue | Villager (Male) |
| 4:29 | Queue | Villager (Male) |
| 4:50 | Build | Mill |
| 5:04 | Queue | Villager (Male) |
| 5:04 | Queue | Villager (Male) |
| 5:04 | Queue | Villager (Male) |
| 5:55 | Queue | Villager (Male) |
| 5:55 | Queue | Villager (Male) |
| 5:56 | Queue | Villager (Male) |
| 6:18 | Queue | Villager (Male) |
| 6:41 | Queue | Villager (Male) |
| 6:41 | Queue | Villager (Male) |
| 6:42 | Queue | Villager (Male) |
| 7:32 | Queue | Villager (Male) |
| 7:47 | Queue | Villager (Male) |
| 8:35 | Build | Lumber Camp |
| 8:39 | Research | Feudal Age |
| 9:19 | Queue | Villager (Male) |
| 10:09 | Build | House |
| 10:16 | Queue | Villager (Male) |
| 10:16 | Queue | Villager (Male) |
| 10:43 | Build | Mining Camp |
| 11:00 | Age | Feudal Age |
| 11:06 | Build | Blacksmith |
| 11:14 | Build | Market |
| 11:33 | Build | Farm |
| 11:38 | Build | Farm |
| 12:15 | Build | Farm |
| 12:52 | Research | Castle Age |
| 12:54 | Research | Loom |
| 13:29 | Research | Double-Bit Axe |
| 14:11 | Queue | Villager (Male) |
| 14:13 | Queue | Villager (Male) |
| 14:42 | Build | Farm |
| 14:50 | Build | Farm |
| 14:55 | Build | Farm |
| 15:06 | Build | Farm |
| 15:32 | Age | Castle Age |
| 15:37 | Build | Town Center |
| 15:44 | Build | Town Center |
| 15:47 | Queue | Villager (Male) |
| 15:47 | Queue | Villager (Male) |
| 15:56 | Build | Farm |
| 16:01 | Build | Farm |
| 16:06 | Build | Farm |
| 16:14 | Build | Farm |
| 16:39 | Research | Bow Saw |
| 16:39 | Research | Bow Saw |
| 16:39 | Research | Bow Saw |
| 17:05 | Queue | Villager (Male) |
| 17:05 | Queue | Villager (Male) |
| 17:05 | Queue | Villager (Male) |
| 17:21 | Queue | Villager (Male) |
| 17:21 | Queue | Villager (Male) |
| 17:28 | Build | Farm |
| 17:31 | Build | Farm |
| 17:33 | Queue | Villager (Male) |
| 17:34 | Queue | Villager (Male) |
| 17:40 | Build | Farm |
| 17:51 | Queue | Villager (Male) |
| 17:57 | Build | Farm |
| 18:01 | Build | Farm |
| 18:04 | Build | Farm |
| 18:09 | Build | Farm |
| 18:20 | Build | Farm |
| 18:23 | Build | Farm |
| 18:25 | Queue | Villager (Male) |
| 18:26 | Queue | Villager (Male) |
| 18:26 | Queue | Villager (Male) |
| 18:30 | Queue | Villager (Male) |
| 18:30 | Queue | Villager (Male) |
| 18:30 | Queue | Villager (Male) |
| 18:31 | Queue | Villager (Male) |
| 18:32 | Queue | Villager (Male) |
| 18:32 | Queue | Villager (Male) |
| 18:37 | Build | Farm |
| 18:43 | Build | Farm |
| 18:46 | Build | Farm |
| 18:50 | Build | Farm |
| 18:54 | Build | Farm |
| 19:02 | Build | House |
| 19:05 | Build | House |
| 19:08 | Build | House |
| 19:10 | Build | House |
| 19:14 | Build | House |
| 19:19 | Build | House |
| 19:22 | Research | Horse Collar |
| 19:28 | Build | Farm |
| 19:28 | Build | Farm |
| 19:29 | Queue | Villager (Male) |
| 19:30 | Queue | Villager (Male) |
| 19:31 | Queue | Villager (Male) |
| 19:31 | Queue | Villager (Male) |
| 19:33 | Queue | Villager (Male) |
| 19:33 | Queue | Villager (Male) |
| 19:34 | Queue | Villager (Male) |
| 19:45 | Build | Farm |
| 19:51 | Queue | Villager (Male) |
| 19:53 | Queue | Villager (Male) |
| 19:54 | Queue | Villager (Male) |
| 19:57 | Build | Farm |
| 20:04 | Queue | Villager (Male) |
| 20:05 | Queue | Villager (Male) |
| 20:07 | Queue | Villager (Male) |
| 20:21 | Research | Heavy Plow |
| 20:38 | Queue | Villager (Male) |
| 20:40 | Queue | Villager (Male) |
| 20:42 | Queue | Villager (Male) |
| 20:48 | Build | Farm |
| 20:49 | Build | Farm |
| 20:55 | Build | Farm |
| 21:00 | Build | Farm |
| 21:05 | Build | Farm |
| 21:12 | Build | Farm |
| 21:16 | Queue | Villager (Male) |
| 21:18 | Queue | Villager (Male) |
| 21:19 | Queue | Villager (Male) |
| 21:27 | Queue | Villager (Male) |
| 21:28 | Queue | Villager (Male) |
| 21:30 | Queue | Villager (Male) |
| 21:38 | Build | Barracks |
| 21:45 | Queue | Villager (Male) |
| 21:47 | Queue | Villager (Male) |
| 21:48 | Queue | Villager (Male) |
| 21:48 | Queue | Villager (Male) |
| 22:02 | Build | Barracks |
| 22:11 | Queue | Villager (Male) |
| 22:13 | Queue | Villager (Male) |
| 22:20 | Research | Town Watch |
| 22:20 | Queue | Villager (Male) |
Build order — Rhapcore
137 actions detected in the replay
| 0:01 | Queue | Villager (Male) |
| 0:03 | Build | House |
| 0:05 | Build | House |
| 0:13 | Queue | Villager (Male) |
| 0:13 | Queue | Villager (Male) |
| 0:13 | Queue | Villager (Male) |
| 1:11 | Build | Mill |
| 1:24 | Queue | Villager (Male) |
| 2:10 | Queue | Villager (Male) |
| 2:26 | Queue | Villager (Male) |
| 2:49 | Queue | Villager (Male) |
| 3:06 | Queue | Villager (Male) |
| 3:40 | Queue | Villager (Male) |
| 4:09 | Queue | Villager (Male) |
| 4:09 | Queue | Villager (Male) |
| 4:30 | Build | House |
| 4:47 | Build | House |
| 4:48 | Build | House |
| 4:55 | Build | Lumber Camp |
| 4:58 | Queue | Villager (Male) |
| 4:58 | Queue | Villager (Male) |
| 5:09 | Queue | Villager (Male) |
| 5:35 | Queue | Villager (Male) |
| 5:52 | Queue | Villager (Male) |
| 6:36 | Build | Mill |
| 6:53 | Queue | Villager (Male) |
| 7:14 | Queue | Villager (Male) |
| 7:24 | Build | Mining Camp |
| 7:47 | Research | Feudal Age |
| 9:19 | Queue | Villager (Male) |
| 9:19 | Queue | Villager (Male) |
| 9:57 | Age | Feudal Age |
| 10:11 | Build | Market |
| 10:28 | Queue | Villager (Male) |
| 10:32 | Build | Blacksmith |
| 10:45 | Queue | Villager (Male) |
| 11:01 | Queue | Villager (Male) |
| 11:39 | Queue | Villager (Male) |
| 12:05 | Research | Castle Age |
| 12:17 | Build | Farm |
| 12:18 | Build | Farm |
| 12:42 | Build | Farm |
| 12:42 | Build | Farm |
| 12:43 | Build | Farm |
| 12:44 | Build | Farm |
| 13:10 | Build | Farm |
| 13:26 | Build | Mining Camp |
| 13:35 | Research | Double-Bit Axe |
| 13:37 | Research | Horse Collar |
| 13:57 | Build | House |
| 13:58 | Build | House |
| 13:59 | Build | House |
| 14:36 | Build | Stone Wall |
| 14:37 | Build | Stone Wall |
| 14:46 | Build | Stone Wall |
| 14:46 | Age | Castle Age |
| 14:52 | Queue | Villager (Male) |
| 14:54 | Queue | Villager (Male) |
| 14:59 | Build | Town Center |
| 15:19 | Build | Stone Wall |
| 15:21 | Build | Stone Wall |
| 15:36 | Queue | Villager (Male) |
| 15:52 | Build | Farm |
| 16:15 | Build | Siege Workshop |
| 16:23 | Queue | Villager (Male) |
| 16:23 | Queue | Villager (Male) |
| 16:24 | Queue | Villager (Male) |
| 16:24 | Queue | Villager (Male) |
| 16:29 | Build | Farm |
| 16:44 | Build | Farm |
| 17:05 | Queue | Scorpion |
| 17:14 | Queue | Villager (Male) |
| 17:16 | Queue | Scorpion |
| 17:33 | Queue | Villager (Male) |
| 17:34 | Queue | Villager (Male) |
| 17:38 | Build | Farm |
| 17:43 | Build | Farm |
| 17:44 | Queue | Armored Elephant |
| 17:47 | Queue | Mangonel |
| 18:15 | Build | Farm |
| 18:29 | Queue | Mangonel |
| 18:56 | Queue | Villager (Male) |
| 18:57 | Queue | Villager (Male) |
| 18:57 | Queue | Villager (Male) |
| 19:04 | Build | House |
| 19:05 | Build | House |
| 19:24 | Queue | Mangonel |
| 19:43 | Build | Gate |
| 20:03 | Build | Palisade Wall |
| 20:42 | Queue | Villager (Male) |
| 20:42 | Queue | Villager (Male) |
| 20:42 | Queue | Villager (Male) |
| 20:49 | Queue | Villager (Male) |
| 20:49 | Queue | Villager (Male) |
| 21:05 | Research | Loom |
| 21:40 | Build | Town Center |
| 22:20 | Queue | Villager (Male) |
| 22:21 | Queue | Villager (Male) |
| 22:24 | Research | Town Watch |
| 22:29 | Build | Barracks |
| 22:33 | Queue | Villager (Male) |
| 22:34 | Queue | Villager (Male) |
| 22:57 | Build | Archery Range |
| 22:59 | Build | Archery Range |
| 23:00 | Build | Archery Range |
| 23:21 | Queue | Skirmisher ×5 |
| 23:42 | Build | Market |
| 23:46 | Queue | Skirmisher |
| 23:46 | Queue | Skirmisher |
| 24:12 | Build | Farm |
| 24:15 | Build | Farm |
| 24:15 | Build | Farm |
| 24:16 | Build | Farm |
| 24:19 | Queue | Villager (Male) |
| 24:19 | Queue | Villager (Male) |
| 24:29 | Queue | Skirmisher |
| 24:57 | Build | House |
| 24:57 | Build | House |
| 24:58 | Build | House |
| 24:59 | Queue | Villager (Male) |
| 24:59 | Queue | Villager (Male) |
| 25:08 | Build | Farm |
| 25:26 | Queue | Villager (Male) |
| 25:26 | Queue | Villager (Male) |
| 25:26 | Queue | Villager (Male) |
| 25:30 | Queue | Skirmisher |
| 25:31 | Queue | Skirmisher |
| 26:27 | Build | Farm |
| 26:41 | Queue | Villager (Male) |
| 26:41 | Queue | Villager (Male) |
| 26:55 | Research | Elite Skirmisher (upgrade) |
| 27:37 | Build | Castle |
| 28:36 | Queue | Chakram Thrower ×4 |
| 29:04 | Build | University |
| 29:53 | Queue | Villager (Male) ×3 |
| 33:00 | Build | Palisade Gate |
| 33:03 | Build | Palisade Gate |
Build order — IndiosAnónimos
First 150 of 275 actions detected
| 0:01 | Queue | Villager (Male) |
| 0:02 | Queue | Villager (Male) |
| 0:02 | Queue | Villager (Male) |
| 0:03 | Build | House |
| 0:05 | Build | House |
| 0:07 | Queue | Villager (Male) |
| 0:07 | Queue | Villager (Male) |
| 1:03 | Build | Palisade Gate |
| 1:08 | Build | Palisade Wall |
| 1:25 | Build | Palisade Gate |
| 1:30 | Build | Palisade Wall |
| 1:32 | Build | Palisade Wall |
| 1:33 | Queue | Villager (Male) |
| 2:06 | Queue | Villager (Male) |
| 2:28 | Queue | Villager (Male) |
| 2:58 | Queue | Villager (Male) |
| 3:26 | Queue | Villager (Male) |
| 3:27 | Queue | Villager (Male) |
| 3:32 | Build | Lumber Camp |
| 3:46 | Queue | Villager (Male) |
| 4:11 | Queue | Villager (Male) |
| 4:40 | Queue | Villager (Male) |
| 4:48 | Research | Loom |
| 4:51 | Build | House |
| 5:12 | Queue | Villager (Male) |
| 5:34 | Queue | Villager (Male) |
| 6:01 | Queue | Villager (Male) |
| 6:18 | Queue | Villager (Male) |
| 6:20 | Queue | Villager (Male) |
| 6:54 | Build | Mill |
| 7:10 | Queue | Villager (Male) |
| 7:23 | Build | House |
| 7:32 | Queue | Villager (Male) |
| 7:58 | Queue | Villager (Male) |
| 8:18 | Build | Mining Camp |
| 8:21 | Queue | Villager (Male) |
| 8:33 | Research | Feudal Age |
| 9:22 | Build | Barracks |
| 9:54 | Queue | Villager (Male) |
| 9:54 | Queue | Villager (Male) |
| 10:58 | Age | Feudal Age |
| 11:00 | Build | Market |
| 11:19 | Build | Blacksmith |
| 12:08 | Research | Castle Age |
| 12:08 | Research | Castle Age |
| 12:24 | Research | Horse Collar |
| 12:27 | Build | Farm |
| 12:29 | Build | Farm |
| 12:48 | Build | Farm |
| 13:08 | Build | Farm |
| 13:16 | Build | House |
| 13:45 | Queue | Militia |
| 13:49 | Queue | Militia |
| 13:50 | Research | Man-at-Arms (upgrade) |
| 13:57 | Build | Farm |
| 14:01 | Build | Farm |
| 14:05 | Research | Double-Bit Axe |
| 14:22 | Research | Man-at-Arms (upgrade) |
| 14:29 | Build | Farm |
| 14:34 | Queue | Villager (Male) |
| 14:48 | Age | Castle Age |
| 14:54 | Build | Farm |
| 15:09 | Queue | Villager (Male) |
| 15:18 | Queue | Militia |
| 15:19 | Queue | Militia |
| 15:22 | Build | House |
| 15:26 | Build | House |
| 15:34 | Queue | Spearman |
| 15:45 | Queue | Villager (Male) |
| 15:45 | Queue | Villager (Male) |
| 15:48 | Build | Farm |
| 15:57 | Build | Farm |
| 16:01 | Build | House |
| 16:14 | Queue | Militia |
| 16:27 | Build | Farm |
| 16:36 | Queue | Villager (Male) |
| 16:38 | Queue | Militia |
| 16:50 | Research | Long Swordsman (upgrade) |
| 16:50 | Research | Long Swordsman (upgrade) |
| 16:58 | Build | Farm |
| 17:17 | Queue | Villager (Male) |
| 17:21 | Queue | Militia |
| 17:23 | Build | Farm |
| 17:30 | Build | Siege Workshop |
| 17:38 | Queue | Villager (Male) |
| 17:47 | Build | Farm |
| 17:51 | Research | Scale Mail Armor |
| 17:51 | Research | Scale Mail Armor |
| 18:09 | Queue | Villager (Male) |
| 18:17 | Build | Farm |
| 18:19 | Build | Farm |
| 18:29 | Queue | Militia |
| 18:30 | Queue | Villager (Male) |
| 18:39 | Build | Farm |
| 18:51 | Queue | Unit 1105 |
| 18:51 | Queue | Unit 1105 |
| 18:52 | Queue | Villager (Male) |
| 18:53 | Queue | Villager (Male) |
| 18:57 | Queue | Militia |
| 19:03 | Build | House |
| 19:18 | Queue | Villager (Male) |
| 19:22 | Queue | Villager (Male) |
| 19:25 | Queue | Militia |
| 19:30 | Build | House |
| 19:46 | Build | Farm |
| 19:51 | Build | Farm |
| 19:53 | Build | Farm |
| 20:00 | Research | Chain Mail Armor |
| 20:00 | Research | Chain Mail Armor |
| 20:04 | Queue | Militia |
| 20:23 | Queue | Militia |
| 20:26 | Queue | Villager (Male) |
| 20:26 | Queue | Villager (Male) |
| 20:30 | Build | Farm |
| 20:33 | Build | Farm |
| 20:39 | Queue | Villager (Male) |
| 20:47 | Queue | Scorpion |
| 20:53 | Research | Squires |
| 21:24 | Queue | Villager (Male) |
| 21:24 | Queue | Villager (Male) |
| 21:27 | Research | Wheelbarrow |
| 21:28 | Research | Wheelbarrow |
| 22:04 | Queue | Battering Ram |
| 22:05 | Queue | Villager (Male) |
| 22:37 | Build | Town Center |
| 22:51 | Queue | Militia |
| 22:52 | Queue | Militia |
| 23:02 | Queue | Villager (Male) |
| 23:06 | Queue | Militia |
| 23:19 | Build | Barracks |
| 23:22 | Queue | Militia |
| 23:32 | Queue | Villager (Male) |
| 23:32 | Queue | Villager (Male) |
| 23:41 | Queue | Villager (Male) |
| 23:51 | Build | Mining Camp |
| 23:52 | Queue | Villager (Male) |
| 23:53 | Queue | Villager (Male) |
| 23:55 | Queue | Militia |
| 24:18 | Build | Farm |
| 24:20 | Queue | Villager (Male) |
| 24:35 | Queue | Villager (Male) |
| 24:49 | Queue | Villager (Male) |
| 24:49 | Queue | Villager (Male) |
| 25:00 | Queue | Militia |
| 25:01 | Queue | Militia |
| 25:17 | Build | Town Center |
| 25:21 | Build | House |
| 26:09 | Queue | Militia |
| 26:09 | Queue | Militia |
| 26:09 | Queue | Militia |
Match timeline
| 1:08 | IndiosAnónimos · wall_segment Palisade Wall x3 |
| 1:30 | IndiosAnónimos · wall_segment Palisade Wall x3 |
| 1:32 | IndiosAnónimos · wall_segment Palisade Wall x1 |
| 2:50 | LMC | Bartolomee123 · wall_segment Palisade Wall x1 |
| 2:53 | LMC | Bartolomee123 · wall_segment Palisade Wall x1 |
| 2:54 | LMC | Bartolomee123 · wall_segment Palisade Wall x1 |
| 2:59 | LMC | Bartolomee123 · wall_segment Palisade Wall x1 |
| 3:03 | LMC | Bartolomee123 · wall_segment Palisade Wall x1 |
| 3:15 | LMC | Bartolomee123 · wall_segment Palisade Wall x1 |
| 3:18 | LMC | Bartolomee123 · wall_segment Palisade Wall x1 |
| 3:21 | LMC | Bartolomee123 · wall_segment Palisade Wall x1 |
| 3:23 | LMC | Bartolomee123 · wall_segment Palisade Wall x1 |
| 3:25 | LMC | Bartolomee123 · wall_segment Palisade Wall x1 |
| 3:29 | LMC | Bartolomee123 · wall_segment Palisade Wall x1 |
| 3:33 | LMC | Bartolomee123 · wall_segment Palisade Wall x1 |
| 3:36 | LMC | Bartolomee123 · wall_segment Palisade Wall x1 |
| 3:40 | LMC | Bartolomee123 · wall_segment Palisade Wall x1 |
| 9:22 | IndiosAnónimos · first_building Barracks |
| 9:57 | Rhapcore · age_up feudal |
| 10:09 | CTM | chiwire · age_up feudal |
| 10:13 | [VA] Tano_Pacman · age_up feudal |
| 10:31 | LMC | Bartolomee123 · age_up feudal |
| 10:44 | RamiChurra · age_up feudal |
| 10:58 | IndiosAnónimos · age_up feudal |
| 11:00 | Runguinator · age_up feudal |
| 11:16 | Dino_Mate · age_up feudal |
| 11:41 | [VA] Tano_Pacman · first_market_sell 100 stone |
| 11:42 | [VA] Tano_Pacman · first_market_buy 100 food |
| 12:50 | Runguinator · first_market_sell 100 stone |
| 14:03 | LMC | Bartolomee123 · age_up castle |
| 14:06 | LMC | Bartolomee123 · first_building Castle |
| 14:19 | LMC | Bartolomee123 · wall_segment Palisade Wall x1 |
| 14:24 | Runguinator · first_market_buy 100 stone |
| 14:34 | RamiChurra · age_up castle |
| 14:36 | CTM | chiwire · age_up castle |
| 14:36 | Rhapcore · wall_segment Stone Wall x5 |
| 14:37 | Rhapcore · wall_segment Stone Wall x3 |
| 14:41 | LMC | Bartolomee123 · wall_segment Palisade Wall x1 |
| 14:46 | Rhapcore · wall_segment Stone Wall x2 |
| 14:46 | CTM | chiwire · first_building Monastery |
| 14:46 | Rhapcore · age_up castle |
| 14:48 | IndiosAnónimos · age_up castle |
| 15:02 | [VA] Tano_Pacman · age_up castle |
| 15:04 | [VA] Tano_Pacman · first_building Monastery |
| 15:14 | RamiChurra · first_building Barracks |
| 15:16 | Dino_Mate · age_up castle |
| 15:19 | Rhapcore · wall_segment Stone Wall x3 |
| 15:21 | Rhapcore · wall_segment Stone Wall x2 |
| 15:26 | LMC | Bartolomee123 · first_market_buy 100 food |
| 15:32 | Runguinator · age_up castle |
| 16:15 | Rhapcore · first_building Siege Workshop |
| 16:42 | IndiosAnónimos · first_market_buy 100 food |
| 17:25 | LMC | Bartolomee123 · first_building Siege Workshop |
| 17:25 | Dino_Mate · first_market_buy 100 wood |
| 17:27 | Dino_Mate · first_building Monastery |
| 17:30 | IndiosAnónimos · first_building Siege Workshop |
| 18:24 | Rhapcore · first_market_sell 100 food |
| 18:50 | RamiChurra · first_building Monastery |
| 19:02 | CTM | chiwire · first_market_buy 100 wood |
| 19:09 | Dino_Mate · first_building Castle |
| 19:52 | Dino_Mate · wall_segment Stone Wall x1 |
| 19:54 | RamiChurra · first_building Stable |
| 20:03 | Rhapcore · wall_segment Palisade Wall x1 |
| 20:53 | CTM | chiwire · first_building Barracks |
| 21:38 | Runguinator · first_building Barracks |
| 21:59 | CTM | chiwire · first_building Stable |
| 22:25 | IndiosAnónimos · first_market_sell 100 food |
| 22:29 | Rhapcore · first_building Barracks |
| 22:36 | Dino_Mate · first_market_sell 100 stone |
| 22:57 | Rhapcore · first_building Archery Range |
| 23:58 | LMC | Bartolomee123 · first_building Barracks |
| 24:32 | RamiChurra · first_building Castle |
| 25:05 | RamiChurra · first_building Siege Workshop |
| 26:10 | [VA] Tano_Pacman · first_building Castle |
| 26:41 | RamiChurra · first_building Archery Range |
| 27:23 | Rhapcore · first_market_buy 100 stone |
| 27:37 | Rhapcore · first_building Castle |
| 27:40 | RamiChurra · first_market_sell 500 food |
| 27:40 | RamiChurra · first_market_buy 100 wood |
| 27:49 | [VA] Tano_Pacman · first_building Siege Workshop |
| 27:51 | RamiChurra · age_up imperial |
| 29:05 | RamiChurra · wall_segment Stone Wall x1 |
| 29:14 | LMC | Bartolomee123 · wall_segment Stone Wall x1 |
| 29:20 | LMC | Bartolomee123 · wall_segment Stone Wall x1 |
| 29:25 | [VA] Tano_Pacman · first_building Barracks |
| 30:40 | Dino_Mate · first_building Barracks |
| 30:54 | IndiosAnónimos · first_building Monastery |
| 30:59 | Runguinator · first_building Castle |
| 31:11 | [VA] Tano_Pacman · first_building Stable |
| 31:47 | Dino_Mate · first_building Archery Range |
| 32:03 | Dino_Mate · wall_segment Stone Wall x1 |
| 32:04 | Dino_Mate · wall_segment Stone Wall x1 |
| 32:05 | CTM | chiwire · first_market_sell 100 food |
| 32:05 | Dino_Mate · wall_segment Stone Wall x1 |
| 32:07 | [VA] Tano_Pacman · age_up imperial |
| 32:13 | CTM | chiwire · first_building Archery Range |
| 32:26 | Dino_Mate · age_up imperial |
| 32:38 | CTM | chiwire · age_up imperial |
| 32:46 | IndiosAnónimos · first_building Castle |
| 32:58 | CTM | chiwire · first_building Castle |
| 33:40 | Dino_Mate · resign |
| 34:55 | IndiosAnónimos · age_up imperial |
| 34:58 | LMC | Bartolomee123 · first_building Stable |
[ AI ANALYSIS · 1 CREDIT ]
What really happened in this match?
Wolo.gg analyzes every decision: build order, eco, micro, common mistakes by bracket. Personalized analysis on WhatsApp or Discord in 30 seconds.
Civ guide
Franks
Perfil
Jugador #2270406